 Dungeon Crawl Stone Soup version 0.31.0-12-g77e489cdc1 (webtiles) character file.

Game seed: 17247316981419159989

3659 cdecastro the Grappler (level 9, -14/64 HPs)
             Began as a Black Draconian Shapeshifter on Feb 15, 2024.
             Was an Elder of Cheibriados.
             Demolished by a slime creature (18 damage)
             ... on level 7 of the Dungeon.
             The game lasted 00:14:21 (6511 turns).

cdecastro the Grappler (DrSh)                       Turns: 6511, Time: 00:14:22

Health: -14/64     AC:  7    Str: 25    XL:     9   Next: 89%
Magic:  9/9        EV: 17    Int: 20    God:    Cheibriados [****..]
Gold:   200        SH:  0    Dex: 24    Spells: 8/8 levels left

rFire   . .          .
                       - Unarmed
rCold   . . .        (shield currently unavailable)
rNeg    . . .        (body armour unavailable)
rPois   .            (helmet restricted)
rElec   +            (no cloak)
rCorr   .            (no gloves)
SInv    .            (no boots)
Will    .....        l - amulet of regeneration
Stlth   +            (no ring)
HPRegen 1.10/turn    (no ring)
MPRegen 0.11/turn

%: no passive effects
@: flux-form, glowing, very slow
A: glow, contaminating, breathe lightning, AC +7, unfitting armour, electricity
resistance, cold-blooded
a: Breathe Lightning, Begin Untransformation, Renounce Religion, Bend Time,
Temporal Distortion, Slouch


You were on level 7 of the Dungeon.
You worshipped Cheibriados.
Cheibriados was greatly pleased with you.
You were something dangerously unstable.
You visited 2 branches of the dungeon, and saw 9 of its levels.
You also visited: Sewer.

You collected 290 gold pieces.
You spent 90 gold pieces at shops.

Inventory:

Hand Weapons
 k - a +2 short sword of electrocution
Armour
 j - a +0 cloak
 w - a +0 pair of gloves
 x - a +2 hat
 C - a +0 pair of boots
Magical Staves
 g - a staff of air
Jewellery
 l - an amulet of regeneration (around neck)
 o - an amulet of reflection
Talismans
 b - a beast talisman
 c - a flux talisman (active)
Wands
 v - a wand of roots (4)
 y - a wand of polymorph (9)
 B - a wand of flame (10)
Scrolls
 d - 2 scrolls of immolation {unknown}
 f - 8 scrolls of identify {unknown}
 h - 2 scrolls of teleportation {unknown}
 i - 2 scrolls of revelation {unknown}
 m - 2 scrolls of fear {unknown}
 n - a scroll of amnesia {unknown}
 s - 2 scrolls of noise {unknown}
 z - a scroll of butterflies {unknown}
 A - a scroll of blinking {unknown}
 D - a scroll of vulnerability {unknown}
 E - a scroll of poison {unknown}
Potions
 a - a potion of lignification
 e - 2 potions of mutation {unknown}
 p - a potion of attraction {unknown}
 q - 3 potions of heal wounds
 r - 2 potions of enlightenment
 t - 2 potions of degeneration {unknown}
 u - 4 potions of curing


   Skills:
 - Level 1.1 Fighting
 - Level 1.7 Dodging
 * Level 11.9 Unarmed Combat
 + Level 8.2 Shapeshifting


You had 8 spell levels left.
You didn't know any spells.
Your spell library contained the following spells:

 Spells                   Type           Power      Damage    Failure   Level
 Mercury Vapours          Alch/Air       0%         N/A       28%         2
 Mephitic Cloud           Conj/Alch/Air  0%         N/A       50%         3
 Freezing Cloud           Conj/Ice/Air   0%         6-21      99%         5


Dungeon Overview and Level Annotations

Branches:
Dungeon (8/15)             Temple (1/1) D:5           Sewer (visited)
   Lair: D:8-11

Altars:
Ashenzari
Cheibriados
Dithmenos
Elyvilon
Fedhas
Hepliaklqana
Kikubaaqudgha
Makhleb
Nemelex Xobeh
Okawaru
Qazlal
Ru
Sif Muna
Trog
Uskayaw
Xom
Yredelemnul
Zin
The Shining One

Shops:
D:2 (   D:4 [   D:5 =*

Annotations:
D:3 1 runed translucent door, Crazy Yiuf


Innate Abilities, Weirdness & Mutations

You are something dangerously unstable.
You glow with magical radiation, making you easy to see and hit.
Foes you strike become dangerously contaminated with magical radiation.
You are incapable of wielding weapons or throwing items.
You can breathe wild blasts of lightning.
Your glossy black scales are hard. (AC +7)
You cannot fit into any form of body armour.
You are resistant to electric shocks. (rElec)
You are cold-blooded and may be slowed by cold attacks.


Message History

The large slime creature is moderately wounded.
A large slime creature splits.
The slime creature hits you!
You punch the slime creature!
The slime creature begins to glow.
The slime creature is heavily wounded.
The slime creature misses you. The slime creature closely misses you.
You hit the slime creature.
The slime creature glows dangerously bright.
The slime creature is heavily wounded.
The slime creature hits you! x2; The slime creature hits you.
* * * LOW HITPOINT WARNING * * *
You punch the slime creature!
The slime creature shudders as magic cascades through it!!
You kill the slime creature!
Cheibriados appreciates the change of pace.
The slime creature closely misses you. The slime creature hits you!
* * * LOW HITPOINT WARNING * * *
Unknown command.
You punch the slime creature!
The slime creature begins to glow.
The slime creature is moderately wounded.
The slime creature closely misses you.
You punch the slime creature!
The slime creature glows dangerously bright.
The slime creature is heavily wounded.
The slime creature closely misses you.
The slime creature completely misses you.
You punch the slime creature!
The slime creature shudders as magic cascades through it.
The slime creature twists and deforms.
The slime creature is almost dead.
The slime creature misses you.
You barely miss the slime creature. You tail-slap the slime creature.
The slime creature is almost dead.
The slime creature barely misses you. The slime creature hits you!
* * * LOW HITPOINT WARNING * * *
You hit the slime creature.
The slime creature begins to glow.
You tail-slap the slime creature.
The slime creature is almost dead.
The slime creature hits you but does no damage.
The slime creature hits you!!
You die...

#.##.##.##.##..##...##.#.#
#..###.#.###...###'###.#.#
##.....#.....### #.# #.#..
####.###..### #.# #....
#......# ####.#######
#..##..# #...#.......
##.##.## #......#.###
#......# #.#...##.#
#...Jp.####.##.###.#
#...J..........###.#
###########.<......#
##########


You could see 2 slime creatures.

Vanquished Creatures
  Pikel (D:4)
  A slime creature (D:7)
  A steam dragon (D:8)
  A water moccasin (D:6)
  An ice beast (D:6)
  2 black bears
  3 ogres
  2 sky beasts
  3 centaurs
  3 kobold brigands
  2 bullfrogs (D:7)
  A gnoll sergeant (D:6)
  3 scorpions
  4 wights (D:7)
  3 killer bees (D:7)
  A howler monkey (D:6)
  A bombardier beetle (D:6)
  2 hounds
  4 jellies
  3 orc priests
  A sleepcap (D:4)
  Jessica (D:3)
  3 iguanas (D:5)
  6 orc wizards
  Robin (D:2)
  7 gnolls
  6 adders
  2 shadow imps
  6 ufetubi
  A dart slug (D:2)
  4 ribbon worms
  23 orcs
  8 ball pythons
  6 endoplasms
  4 giant cockroaches
  13 goblins
  3 hobgoblins
  8 jackals
  2 quokkas
  9 bats
  3 frilled lizards
  17 kobolds
  11 rats
187 creatures vanquished.

Vanquished Creatures (others)
  A quokka (D:6)
1 creature vanquished.

Grand Total: 188 creatures vanquished

Notes
Turn   | Place    | Note
-------+----------+-------------------------------------------
     0 | D:1      | cdecastro the Draconian Shapeshifter began the quest for
                  | the Orb.
     0 | D:1      | Reached XP level 1. HP: 16/16 MP: 1/1
   234 | D:1      | Reached XP level 2. HP: 21/23 MP: 2/2
  1126 | D:2      | Reached XP level 3. HP: 10/28 MP: 3/3
  1377 | D:2      | Found Gitsiof's Weapon Shoppe.
  1407 | D:2      | Reached skill level 4 in Unarmed Combat
  1507 | D:2      | Noticed Robin
  1514 | D:2      | Killed Robin
  1606 | D:2      | Reached XP level 4. HP: 35/35 MP: 4/4
  2188 | D:3      | Found a snail-covered altar of Cheibriados.
  2195 | D:3      | Found a glowing golden altar of the Shining One.
  2223 | D:3      | Noticed Jessica
  2224 | D:3      | Found a glowing drain.
  2259 | Sewer    | Entered a sewer
  2352 | Sewer    | Noticed a kobold brigand
  2361 | Sewer    | Killed a kobold brigand
  2362 | Sewer    | Reached skill level 5 in Unarmed Combat
  2362 | Sewer    | Reached XP level 5. HP: 16/40 MP: 5/5
  2424 | Sewer    | Found a white marble altar of Elyvilon.
  2489 | D:3      | Killed Jessica
  2490 | D:3      | Reached XP level 6. HP: 47/47 MP: 6/6
  2525 | D:3      | Became a worshipper of Cheibriados the Contemplative
  2606 | D:3      | Found a faded altar of an unknown god.
  2956 | D:3      | Found a runed translucent door.
  2957 | D:3      | Noticed Crazy Yiuf
  3017 | D:4      | Noticed Pikel
  3107 | D:4      | Found Zin's Purification Station.
  3120 | D:4      | Found a glowing silver altar of Zin.
  3125 | D:4      | Bought a potion of curing for 90 gold pieces
  3164 | D:4      | Killed Pikel
  3165 | D:4      | Reached skill level 7 in Unarmed Combat
  3165 | D:4      | Reached skill level 5 in Shapeshifting
  3165 | D:4      | Your scales start taking on a glossy black colour.
  3165 | D:4      | Reached XP level 7. HP: 28/52 MP: 7/7
  3165 | D:4      | Gained mutation: You are resistant to electric shocks.
                  | (rElec) [Black Draconian growth]
  3219 | D:4      | Found Tuireow's Antique Armour Emporium.
  3639 | D:5      | Entered Level 5 of the Dungeon
  3644 | D:4      | Reached * piety under Cheibriados
  3673 | D:5      | Found Pinnixoynt's Jewellery Emporium.
  3748 | D:5      | Reached skill level 8 in Unarmed Combat
  3824 | D:5      | Found Mudenko's General Store.
  3938 | D:5      | Reached XP level 8. HP: 35/59 MP: 8/8
  3988 | D:5      | Found a staircase to the Ecumenical Temple.
  3997 | Temple   | Entered the Ecumenical Temple
  4202 | D:5      | Found a hazy altar of Hepliaklqana.
  4214 | D:5      | Reached ** piety under Cheibriados
  4215 | D:5      | Reached skill level 9 in Unarmed Combat
  4689 | D:6      | Reached skill level 10 in Unarmed Combat
  4715 | D:6      | Reached *** piety under Cheibriados
  4716 | D:6      | Reached XP level 9. HP: 54/64 MP: 9/9
  4762 | D:6      | Found a shadowy altar of Dithmenos.
  5028 | D:6      | Found Luhil's Antique Armour Emporium.
  5060 | D:6      | Found a white marble altar of Elyvilon.
  5658 | D:7      | Found a sacrificial altar of Ru.
  5738 | D:7      | Reached **** piety under Cheibriados
  5764 | D:7      | Reached skill level 11 in Unarmed Combat
  6006 | D:7      | Found a sparkling altar of Nemelex Xobeh.
  6318 | D:8      | Found a stormy altar of Qazlal.
  6334 | D:8      | Identified the +7 quarterstaff of Spite {flame, ^Fragile
                  | rN+ rCorr}
  6510 | D:7      | HP: 3/64 [slime creature (17)]
  6511 | D:7      | Demolished by a slime creature

Illustrated notes

Levels and vault maps discovered:
D:1:      ncdulo_smallfort, layout_loops_cross, serial_rivers,
          chequers_serial_rivers_room_b, chequers_serial_rivers_marsh,
          chequers_serial_rivers_micro_a, chequers_serial_rivers_large_a,
          chequers_serial_rivers_large_b, chequers_serial_rivers_micro_d
D:2:      layout_loops_ring, serial_shops, shop, patterned_corridor, uniq_robin
D:3:      layout_loops_cross, mainiacjoe_overflow_catwalk_spiral,
          gup_sewer_entry_glass, shapermc_ecumenical_altar_mp_urbaneastern,
          chequers_serial_rivers_room_a, uniq_crazy_yiuf_cottage, uniq_jessica
D:4:      layout_rooms, zin_purify, serial_shops,
          nicolae_shop_tiny_real_fake_doors, hellmonk_no_cap, uniq_pikel
D:5:      layout_rooms, lemuel_crystal_altar, minmay_temple_entry_glassed_door,
          serial_shops, shop, shop, kennysheep_diamond
D:6:      minmay_diamond_boxcup, layout_loops_ring, elyvilon_altar_4,
          nicolae_dithmenos_shadow_blocks, serial_shops, nicolae_shop_stone
D:7:      layout_loops_corners, nemelex_dance_club_becter, old_standard_altar
D:8:      layout_basic, mainiacjoe_overflow_concentric_impassable,
          nicolae_qazlal_beasts_of_the_sky, enter_bailey_3, serial_rivers,
          chequers_serial_rivers_small_a, chequers_serial_rivers_small_3,
          chequers_serial_rivers_micro_b, chequers_serial_rivers_marsh,
          chequers_serial_rivers_micro_a
Temple:   hellmonk_temple_micro_hex

Skill      XL: |  1  2  3  4  5  6  7  8  9 |
---------------+----------------------------+-----
Unarmed Combat | 4 5 7 8 10 11 | 11.9
Shapeshifting  | 4 5 6 8 |  8.2
Fighting       | |  1.1
Dodging        | |  1.7

Action                     |  1- 3 |  4- 6 |  7- 9 || total
---------------------------+-------+-------+-------++-------
  Melee: Unarmed           |   119 |   118 |   273 ||   510
         Tailslap          |    19 |     7 |    47 ||    73
         Punch             |       |       |    19 ||    19
Ability: Breathe Lightning |       |       |     1 ||     1
    Use: Potion            |       |     1 |       ||     1
   Stab: Sleeping          |       |     1 |     3 ||     4
         Distracted        |       |       |     1 ||     1
 Armour: Skin              |    53 |    75 |   194 ||   322
  Dodge: Dodged            |    64 |    70 |   162 ||   296
   Form: Flux              |       |       |     1 ||     1
